 Dungeon Crawl Stone Soup version 0.20.1-1-g8b1a95d (webtiles) character file.

156 Schiappus the Chopper (level 5, -10/41 HPs)
             Began as a Demonspawn Berserker on Sept 18, 2017.
             Was a Follower of Uskayaw.
             Mangled by a polar bear (23 damage)
             ... created by the rage of Trog
             ... on level 3 of the Dungeon.
             The game lasted 00:09:27 (2648 turns).

Schiappus the Chopper (Demonspawn Berserker)        Turns: 2648, Time: 00:09:27

Health: -10/41     AC:  4    Str: 18    XL:     5   Next: 15%
Magic:  5/5        EV: 13    Int:  8    God:    Uskayaw [*.....]
Gold:   172        SH:  0    Dex: 13    Spells: 4/4 levels left

rFire    . . .     SeeInvis .   d - +0 morningstar
rCold    . . .     Gourm    .   (no shield)
rNeg     . . .     Faith    .   b - +0 animal skin
rPois    .         Spirit   .   (no helmet)
rElec    .         Reflect  .   (no cloak)
rCorr    .         Harm     .   (no gloves)
MR       +....                  (no boots)
Stlth    +++.......             (no amulet)
Regen    0.2/turn               g - ring of protection from magic
MPRegen  0.1/turn               i - ring of stealth

@: no status effects
A: thin metallic scales 1, spiny 1
a: Stomp, Renounce Religion


You were on level 3 of the Dungeon.
You worshipped Uskayaw.
Uskayaw was noncommittal.
You were not hungry.

You visited 1 branch of the dungeon, and saw 3 of its levels.

You collected 172 gold pieces.

Inventory:

Hand Weapons
 a - a +0 hand axe
 d - a +0 morningstar (weapon)
Armour
 b - a +0 animal skin (worn)
Jewellery
 g - a ring of protection from magic (left hand)
 i - a ring of stealth (right hand)
Scrolls
 f - 2 scrolls of remove curse
 k - a scroll of magic mapping
Potions
 e - a potion of invisibility
 h - a potion of flight
 j - 2 potions of degeneration {unknown}
Comestibles
 c - 2 bread rations
 l - 4 fruits


   Skills:
 + Level 3.6 Fighting
 + Level 4.1(4.2) Axes
 + Level 0.1(2.5) Maces & Flails
 + Level 1.8 Armour
 + Level 2.6 Dodging
 + Level 1.5 Stealth


You had 4 spell levels left.
You didn't know any spells.

Dungeon Overview and Level Annotations

Branches:
Dungeon (3/15)

Altars:
Dithmenos
Uskayaw


Innate Abilities, Weirdness & Mutations

You are partially covered in thin metallic scales. (AC +2)
You are partially covered in sharp spines.


Message History

A kobold comes into view. It is wielding a short sword.
There is an open door here.
Found a ring of protection from magic.
The kobold shouts!
Trog sends monsters to punish you. 3 polar bears and 3 black bears come into view.
There is an open door here.
You hit the polar bear.
The polar bear is lightly wounded.
You closely miss the polar bear.
The polar bear is lightly wounded.
The polar bear closely misses you. The polar bear misses you.
The polar bear barely misses you. The sky beast is struck by your spines.
The sky beast barely misses you. The polar bear bites you!!
Ouch! That really hurt!
The polar bear claws you. x2
The black bear rages.
The polar bear bites you!!
Ouch! That really hurt!
You die...

........####
........#
#####
........#
#....
........###
#....
#####.#.....#
#....
.........##.#
#....
.........##.#
#....
........h##.#
###..
.......hh@hh#
#..
.......hY####
#..
.......K.#
#..
.........#
###
.........#
.=.......#
.....g...#
###....###


You could see 3 polar bears, 3 black bears, a sky beast, a hobgoblin (wandering)
and a kobold.

Vanquished Creatures
  A centaur zombie (D:3)
  A hound zombie (D:3)
  3 adders
  An ooze (D:2)
  3 worms
  3 dart slugs
  2 leopard geckos
  3 orcs (D:3)
  A giant cockroach (D:1)
  10 hobgoblins
  6 kobolds
  A quokka (D:2)
  A ball python (D:3)
  9 bats
  5 frilled lizards
  4 goblins
  A leopard gecko zombie (D:3)
  7 rats
62 creatures vanquished.

Notes
Turn   | Place    | Note
-------+----------+-------------------------------------------
     0 | D:1      | Schiappus the Demonspawn Berserker began the quest for the Orb.
     0 | D:1      | Reached XP level 1. HP: 18/18 MP: 1/1
   454 | D:1      | Reached skill level 3 in Axes
   477 | D:1      | Gained mutation: You are partially covered in sharp spines. [demonic ancestry]
   477 | D:1      | Reached XP level 2. HP: 9/24 MP: 2/2
  1014 | D:2      | Reached ** piety under Trog
  1014 | D:2      | Reached XP level 3. HP: 11/29 MP: 3/3
  1284 | D:2      | Found a faded altar of an unknown god.
  1313 | D:2      | Fell from the grace of Trog
  1313 | D:2      | Became a worshipper of Uskayaw the Reveler
  1313 | D:2      | Reached * piety under Uskayaw
  1429 | D:2      | Reached ** piety under Uskayaw
  1568 | D:2      | Reached skill level 1 in Stealth
  1709 | D:2      | Reached XP level 4. HP: 33/35 MP: 4/4
  1960 | D:2      | Found a shadowy altar of Dithmenos.
  2241 | D:3      | Reached *** piety under Uskayaw
  2248 | D:3      | Reached **** piety under Uskayaw
  2254 | D:3      | Reached skill level 4 in Axes
  2322 | D:3      | Gained mutation: You are partially covered in thin metallic scales. (AC +2) [demonic ancestry]
  2322 | D:3      | Reached XP level 5. HP: 24/41 MP: 5/5
  2641 | D:3      | Noticed a sky beast
  2647 | D:3      | Noticed a black bear
  2647 | D:3      | Noticed a polar bear
  2647 | D:3      | Noticed a black bear
  2647 | D:3      | Noticed a polar bear
  2647 | D:3      | Noticed a polar bear
  2647 | D:3      | Noticed a black bear
  2648 | D:3      | Mangled by a polar bear

Skill      XL: |  1  2  3  4 |
---------------+-------------+-----
Axes           | 3 4 |  4.1
Dodging        | 2 |  2.6
Stealth        | 1 |  1.5
Fighting       | |  3.6
Maces & Flails | |  0.1
Armour         | |  1.8

Action                   |  1- 3 |  4- 6 || total
-------------------------+-------+-------++-------
Melee: Hand axe          |   100 |    36 ||   136
       Morningstar       |       |    23 ||    23
  Use: Scroll            |     3 |     3 ||     6
       Potion            |     1 |     3 ||     4
 Stab: Sleeping          |       |     4 ||     4
       Paralysed         |       |     1 ||     1
  Eat: Bread ration      |     1 |       ||     1
       Royal jelly       |     1 |       ||     1
Armor: Animal skin       |    37 |     8 ||    45
Dodge: Dodged            |   112 |    38 ||   150
